AoeStats
← Gkings

Migration

506790428Analyzed
1v1 RM · 17d ago on Sep 15, 2026· 35m 21s· 2 players
Game mode
Random Map
Map size
132×132
Population
200
Speed
Normal
Resources
Standard
Victory
Conquest
Starting age
Dark Age
Ending age
Imperial Age
RankedLock teamsTeams togetherTeam positionsShared explorationLock speedFull tech treeHidden civsTurbo modeCheats
Victory
Defeat
🇧🇷 Dravidians · Brazil
1555
+14
🇦🇺 Armenians · Australia
1509
-14
pints007
10:30 Feudal Age
11:21 Double-Bit Axe
13:08 Fletching
18:14 Castle Age
17:59 Gold Mining
18:17 Loom
19:13 Medium Warships
21:20 Bow Saw
21:38 Bodkin Arrow
26:36 Horse Collar
32:34 Imperial Age
34:02 Bracer
33:46 Demolition Ship
34:56 Heavy Warships
Gkings
12:38 Feudal Age
13:14 Double-Bit Axe
13:10 Fishing Lines
14:17 Wheelbarrow
14:16 Fletching
17:43 Castle Age
18:45 Bow Saw
18:32 Bodkin Arrow
18:30 Gillnets
18:51 Medium Warships
19:31 Clinker Construction
20:11 Ballistics
24:06 Imperial Age
21:30 Gold Mining
22:15 Careening
25:17 Heavy Warships
24:53 Bracer
25:59 Chemistry
26:07 Two-Man Saw
25:58 Hand Cart
29:29 Elite Cannon Galleon
Connection lost

Rejoining the realm…

Still unreachable

The connection could not be restored.

Session expired

The server has moved on; the page needs a fresh start.